IL
IOWA CUBS @ RENO ACES
07/14/2044
 
TOP OF THE 1ST
Iowa Cubs batting - Pitching for Reno Aces : RHP Bob Thompson
Pitching: RHP Bob Thompson
Batting: LHB Barend van der Kamp 0-0: Called Strike
0-1: SINGLE (Line Drive, 8RS, EV 111.3 MPH)
Batting: RHB Pat Barton 0-0: Ball
1-0: Ball
Barend van der Kamp steals 2nd base
2-0: Foul Ball, location: 2F
2-1: Foul Ball, location: 2F
2-2: Ball
3-2: Strikes out looking
Batting: SHB Seung-ho Zhang 0-0: Called Strike
0-1: Ball
1-1: Ball
2-1: Called Strike
2-2: Ground out 2-3 (Groundball, 15S, EV 69.4 MPH)
Barend van der Kamp to third
Batting: RHB Butch Koglin 0-0: 2-RUN HOME RUN (Flyball, 7D, EV 98.8 MPH), Distance : 393 ft
Batting: SHB Nick Chandler 0-0: Hit by Pitch
Batting: LHB Chris Morgan 0-0: Ball
1-0: Ball
2-0: Called Strike
2-1: Swinging Strike
2-2: Strikes out swinging
Top of the 1st over - 2 runs, 2 hits, 0 errors, 1 left on base; Iowa 2 - Reno 0
BOTTOM OF THE 1ST
Reno Aces batting - Pitching for Iowa Cubs : LHP Kyle Foster
Pitching: LHP Kyle Foster
Batting: RHB Joe Smack 0-0: Called Strike
0-1: Ball
1-1: Ball
2-1: Foul Ball, location: 2F
2-2: Ball
3-2: SOLO HOME RUN (Flyball, 7D, EV 97.5 MPH), Distance : 394 ft
Batting: RHB Scott Travis 0-0: Called Strike
0-1: Called Strike
0-2: Strikes out looking
Batting: RHB Katilimomi Kelekolio 0-0: Foul Ball, location: 2F
0-1: Ball
1-1: Ball
2-1: Ball
3-1: Called Strike
3-2: Foul Ball, location: 2F
3-2: Base on Balls
Batting: RHB Jon Solano 0-0: Ball
1-0: Called Strike
Katilimomi Kelekolio steals 2nd base
1-1: Foul Ball, location: 2F
1-2: Strikes out swinging
Batting: SHB Warren Eisner 0-0: Called Strike
0-1: Fly out, F8 (Flyball, 89M, EV 82.5 MPH)
Bottom of the 1st over - 1 run, 1 hit, 0 errors, 1 left on base; Iowa 2 - Reno 1
TOP OF THE 2ND
Iowa Cubs batting - Pitching for Reno Aces : RHP Bob Thompson
Batting: LHB J.D. Brenner 0-0: Called Strike
0-1: Foul Ball, location: 2F
0-2: Foul Ball, location: 2F
0-2: Foul Ball, location: 2F
0-2: Foul Ball, location: 2F
0-2: Strikes out swinging
Batting: LHB Rich Atterberry 0-0: Ball
1-0: Called Strike
1-1: Ball
2-1: Called Strike
2-2: Ball
3-2: Foul Ball, location: 2F
3-2: Strikes out swinging
Batting: LHB Jose Mojica 0-0: Called Strike
0-1: Ball
1-1: Foul Ball, location: 2F
1-2: Ball
2-2: Ground out U3 (Groundball, 34, EV 86.9 MPH)
Top of the 2nd over - 0 runs, 0 hits, 0 errors, 0 left on base; Iowa 2 - Reno 1
BOTTOM OF THE 2ND
Reno Aces batting - Pitching for Iowa Cubs : LHP Kyle Foster
Batting: RHB Alex Vasquez 0-0: Ball
1-0: Foul Ball, location: 2F
1-1: Foul Ball, location: 2F
1-2: Ground out 3-1 (Groundball, 34S, EV 87.5 MPH)
Batting: LHB Ruben Rocha 0-0: Ball
1-0: Ball
2-0: Foul Ball, location: 2F
2-1: Ground out 6-3 (Groundball, 6, EV 83.8 MPH)
Batting: RHB Juan Espinoza 0-0: Foul Ball, location: 2F
0-1: Foul Ball, location: 2F
0-2: Foul Ball, location: 2F
0-2: Ball
1-2: Ball
2-2: Strikes out swinging
Bottom of the 2nd over - 0 runs, 0 hits, 0 errors, 0 left on base; Iowa 2 - Reno 1
TOP OF THE 3RD
Iowa Cubs batting - Pitching for Reno Aces : RHP Bob Thompson
Batting: LHB Barend van der Kamp 0-0: Swinging Strike
0-1: Ball
1-1: Foul Ball, location: 2F
1-2: Ball
2-2: Strikes out swinging
Batting: RHB Pat Barton 0-0: DOUBLE (Groundball, 5L, EV 94.4 MPH)
Batting: SHB Seung-ho Zhang 0-0: Ball
1-0: Called Strike
1-1: Ball
2-1: Foul Ball, location: 2F
2-2: Ground out 6-3 (Groundball, 6, EV 101.9 MPH)
Batting: RHB Butch Koglin 0-0: Foul Ball, location: 2F
0-1: DOUBLE (Line Drive, 7LM, EV 106.9 MPH)
Pat Barton scores
Batting: SHB Nick Chandler 0-0: 2-RUN HOME RUN (Flyball, 89XD, EV 113.1 MPH), Distance : 449 ft
Batting: LHB Chris Morgan 0-0: Ground out 6-3 (Groundball, 6M, EV 81.9 MPH)
Top of the 3rd over - 3 runs, 3 hits, 0 errors, 0 left on base; Iowa 5 - Reno 1
BOTTOM OF THE 3RD
Reno Aces batting - Pitching for Iowa Cubs : LHP Kyle Foster
Batting: RHB Tai Joo 0-0: Ball
1-0: Foul Ball, location: 2F
1-1: Ground out 5-3 (Groundball, 56S, EV 68.8 MPH)
Batting: RHB Joe Smack 0-0: Ball
1-0: Swinging Strike
1-1: Ball
2-1: Ball
3-1: Ground out 6-3 (Groundball, 6, EV 106.9 MPH)
Batting: RHB Scott Travis 0-0: Ball
1-0: Ground out 6-3 (Groundball, P, EV 81.3 MPH)
Bottom of the 3rd over - 0 runs, 0 hits, 0 errors, 0 left on base; Iowa 5 - Reno 1
TOP OF THE 4TH
Iowa Cubs batting - Pitching for Reno Aces : RHP Bob Thompson
Batting: LHB J.D. Brenner 0-0: Swinging Strike
0-1: Ground out 4-3 (Groundball, 4, EV 100.0 MPH)
Batting: LHB Rich Atterberry 0-0: Ball
1-0: Foul Ball, location: 2F
1-1: Foul Ball, location: 2F
1-2: Strikes out swinging
Batting: LHB Jose Mojica 0-0: Ball
1-0: Foul Ball, location: 2F
1-1: Foul Ball, location: 2F
1-2: Ball
2-2: Ground out U3 (Groundball, 34, EV 98.8 MPH)
Top of the 4th over - 0 runs, 0 hits, 0 errors, 0 left on base; Iowa 5 - Reno 1
BOTTOM OF THE 4TH
Reno Aces batting - Pitching for Iowa Cubs : LHP Kyle Foster
Batting: RHB Katilimomi Kelekolio 0-0: SINGLE (Groundball, 56S, EV 75.0 MPH) (infield hit)
Batting: RHB Jon Solano 0-0: SINGLE (Groundball, 6D, EV 96.9 MPH)
Katilimomi Kelekolio to second
Batting: SHB Warren Eisner 0-0: Ground out U3 (Groundball, 34S, EV 65.0 MPH)
Katilimomi Kelekolio to third
Jon Solano to second
Batting: RHB Alex Vasquez 0-0: Called Strike
0-1: Foul Ball, location: 2F
0-2: Strikes out swinging
Batting: LHB Ruben Rocha 0-0: Called Strike
0-1: Ground out 6-3 (Groundball, 6M, EV 106.3 MPH)
Bottom of the 4th over - 0 runs, 2 hits, 0 errors, 2 left on base; Iowa 5 - Reno 1
TOP OF THE 5TH
Iowa Cubs batting - Pitching for Reno Aces : RHP Bob Thompson
Pitching: RHP Alan Phillips
Batting: LHB Barend van der Kamp 0-0: Called Strike
0-1: Foul Ball, location: 2F
0-2: Strikes out swinging
Batting: RHB Pat Barton 0-0: Called Strike
0-1: Foul Ball, location: 2F
0-2: Foul Ball, location: 2F
0-2: Fly out, F7 (Flyball, 7D, EV 91.9 MPH)
Batting: SHB Seung-ho Zhang 0-0: Called Strike
0-1: Ball
1-1: Foul Ball, location: 2F
1-2: Ball
2-2: Fly out, F9 (Flyball, 9LM, EV 103.1 MPH)
Top of the 5th over - 0 runs, 0 hits, 0 errors, 0 left on base; Iowa 5 - Reno 1
BOTTOM OF THE 5TH
Reno Aces batting - Pitching for Iowa Cubs : LHP Kyle Foster
Batting: RHB Juan Espinoza 0-0: Ball
1-0: Foul Ball, location: 2F
1-1: Ball
2-1: Called Strike
2-2: Strikes out swinging
Batting: RHB Tai Joo 0-0: Ball
1-0: SINGLE (Groundball, 4M, EV 94.4 MPH)
Batting: RHB Joe Smack 0-0: Ball
1-0: Ball
2-0: Ball
3-0: Base on Balls
Tai Joo to second
Batting: RHB Scott Travis 0-0: Ball
1-0: Ball
2-0: Called Strike
2-1: Foul Ball, location: 2F
2-2: Ball
3-2: Base on Balls
Tai Joo to third
Joe Smack to second
Batting: RHB Katilimomi Kelekolio 0-0: Foul Ball, location: 2F
0-1: Ball
1-1: Foul Ball, location: 2F
1-2: Foul Ball, location: 2F
1-2: Foul Ball, location: 2F
1-2: Foul Ball, location: 2F
1-2: Foul Ball, location: 2F
1-2: SINGLE (Groundball, 6MD, EV 106.9 MPH)
Tai Joo scores
Joe Smack to third
Scott Travis to second
Batting: RHB Jon Solano 0-0: Ball
1-0: Called Strike
1-1: Grounds into fielders choice 6-2 (Groundball, 6, EV 83.1 MPH)
Scott Travis to third
Katilimomi Kelekolio to second
Batting: SHB Warren Eisner 0-0: Foul Ball, location: 2F
0-1: Fly out, F7 (Line Drive, 7S, EV 95.0 MPH)
Bottom of the 5th over - 1 run, 2 hits, 0 errors, 3 left on base; Iowa 5 - Reno 2
TOP OF THE 6TH
Iowa Cubs batting - Pitching for Reno Aces : RHP Alan Phillips
Batting: RHB Butch Koglin 0-0: Called Strike
0-1: Ball
1-1: Ground out 1-3 (Groundball, 13S, EV 63.8 MPH)
Batting: SHB Nick Chandler 0-0: Hit by Pitch
Batting: LHB Chris Morgan 0-0: Ball
Nick Chandler is caught stealing 2nd base 2-6
1-0: Ball
2-0: Called Strike
2-1: Ground out 6-3 (Groundball, 6, EV 105.0 MPH)
Top of the 6th over - 0 runs, 0 hits, 0 errors, 0 left on base; Iowa 5 - Reno 2
BOTTOM OF THE 6TH
Reno Aces batting - Pitching for Iowa Cubs : LHP Kyle Foster
Pitching: RHP Mike Richardson
Batting: RHB Alex Vasquez 0-0: Ball
1-0: Called Strike
1-1: Foul Ball, location: 2F
1-2: Foul Ball, location: 2F
1-2: Foul Ball, location: 2F
1-2: SINGLE (Line Drive, 8RS, EV 101.3 MPH)
Batting: LHB Ruben Rocha 0-0: Ball
1-0: Ball
2-0: Ball
3-0: Called Strike
3-1: Swinging Strike
3-2: Ground out 5-3 (Groundball, 56, EV 111.9 MPH)
Alex Vasquez to second
Batting: RHB Juan Espinoza 0-0: Ball
1-0: Called Strike
1-1: Foul Ball, location: 2F
1-2: Ground out 6-3 (Groundball, 6S, EV 65.0 MPH)
Alex Vasquez to third
Batting: RHB Tai Joo 0-0: Ball
1-0: Ground out 5-3 (Groundball, 56, EV 77.5 MPH)
Bottom of the 6th over - 0 runs, 1 hit, 0 errors, 1 left on base; Iowa 5 - Reno 2
TOP OF THE 7TH
Iowa Cubs batting - Pitching for Reno Aces : RHP Alan Phillips
Batting: LHB J.D. Brenner 0-0: Ball
1-0: Fly out, F7 (Flyball, 7D, EV 95.6 MPH)
Batting: LHB Rich Atterberry 0-0: Ball
1-0: Called Strike
1-1: Ball
2-1: Foul Ball, location: 2F
2-2: Ball
3-2: Foul Ball, location: 2F
3-2: Strikes out swinging
Batting: LHB Jose Mojica 0-0: Ground out 4-3 (Groundball, 4, EV 90.6 MPH)
Top of the 7th over - 0 runs, 0 hits, 0 errors, 0 left on base; Iowa 5 - Reno 2
BOTTOM OF THE 7TH
Reno Aces batting - Pitching for Iowa Cubs : RHP Mike Richardson
Pitching: RHP Pat Stone
Batting: RHB Joe Smack 0-0: Swinging Strike
0-1: Foul Ball, location: 2F
0-2: Ball
1-2: SINGLE (Groundball, 5S, EV 62.5 MPH) (infield hit)
Batting: RHB Scott Travis 0-0: Sac Bunt to 23 - play at first, batter OUT! 3-4
Joe Smack to second
Batting: RHB Katilimomi Kelekolio 0-0: Ball
1-0: Ball
2-0: Called Strike
2-1: Ball
3-1: Base on Balls
Batting: RHB Jon Solano 0-0: Called Strike
0-1: Ball
1-1: Ball
2-1: Swinging Strike
2-2: Foul Ball, location: 2F
2-2: Foul Ball, location: 2F
2-2: Ball
3-2: DOUBLE (Line Drive, 5D, EV 105.6 MPH)
Joe Smack scores
Katilimomi Kelekolio to third
Batting: SHB Warren Eisner 0-0: Ball
1-0: Ball
2-0: Ball
3-0: SINGLE (Groundball, 6MD, EV 105.6 MPH)
Katilimomi Kelekolio scores
Jon Solano to third
Pinch Hitting: LHB Chris Escobar 0-0: Foul Ball, location: 2F
0-1: Ball
1-1: Ball
2-1: Swinging Strike
2-2: Strikes out swinging
Batting: LHB Ruben Rocha 0-0: Ball
1-0: Ball
2-0: Ball
3-0: Called Strike
3-1: Base on Balls
Warren Eisner to second
Batting: RHB Juan Espinoza 0-0: Fly out, F2 (Popup, 3SF, EV 85.0 MPH)
Bottom of the 7th over - 2 runs, 3 hits, 0 errors, 3 left on base; Iowa 5 - Reno 4
TOP OF THE 8TH
Iowa Cubs batting - Pitching for Reno Aces : RHP Alan Phillips
Pitching: RHP Bill Pauley
Now at 1B: Troy Maynard
Batting: LHB Barend van der Kamp 0-0: Ground out 6-3 (Groundball, 6S, EV 92.5 MPH)
Batting: RHB Pat Barton 0-0: Ball
1-0: Fly out, F3 (Popup, 3F, EV 74.4 MPH)
Batting: SHB Seung-ho Zhang 0-0: Ground out U3 (Groundball, 3L, EV 85.6 MPH)
Top of the 8th over - 0 runs, 0 hits, 0 errors, 0 left on base; Iowa 5 - Reno 4
BOTTOM OF THE 8TH
Reno Aces batting - Pitching for Iowa Cubs : RHP Pat Stone
Pitching: RHP Gabe Wagner
Batting: RHB Tai Joo 0-0: Ball
1-0: Swinging Strike
1-1: Ground out U3 (Groundball, 34, EV 86.3 MPH)
Batting: RHB Joe Smack 0-0: Called Strike
0-1: Ground out 4-3 (Groundball, 34, EV 103.1 MPH)
Batting: RHB Scott Travis 0-0: SINGLE (Groundball, 56S, EV 71.3 MPH) (infield hit)
Batting: RHB Katilimomi Kelekolio 0-0: Ball
1-0: Ball
2-0: Ball
3-0: Base on Balls
Scott Travis to second
Batting: RHB Jon Solano 0-0: Foul Ball, location: 2F
0-1: Ball
1-1: Called Strike
1-2: Foul Ball, location: 2F
1-2: Foul Ball, location: 2F
1-2: Ball
2-2: Ball
3-2: Strikes out swinging
Bottom of the 8th over - 0 runs, 1 hit, 0 errors, 2 left on base; Iowa 5 - Reno 4
TOP OF THE 9TH
Iowa Cubs batting - Pitching for Reno Aces : RHP Bill Pauley
Batting: RHB Butch Koglin 0-0: Called Strike
0-1: Ball
1-1: Swinging Strike
1-2: Ball
2-2: Ball
3-2: Foul Ball, location: 2F
3-2: TRIPLE (Line Drive, 89XD, EV 104.4 MPH)
Batting: SHB Nick Chandler 0-0: Called Strike
0-1: Swinging Strike
0-2: Strikes out swinging
Batting: LHB Chris Morgan 0-0: Ground out 5-3 (Groundball, 56, EV 106.3 MPH)
Batting: LHB J.D. Brenner 0-0: Ball
1-0: Swinging Strike
1-1: Foul Ball, location: 2F
1-2: Strikes out swinging
Top of the 9th over - 0 runs, 1 hit, 0 errors, 1 left on base; Iowa 5 - Reno 4
BOTTOM OF THE 9TH
Reno Aces batting - Pitching for Iowa Cubs : RHP Gabe Wagner
Pitching: LHP Shane Stratton
Now at 1B: Bobby Adams
Batting: SHB Warren Eisner 0-0: SINGLE (Line Drive, 8RM, EV 106.3 MPH)
Batting: SHB Troy Maynard 0-0: Ball
1-0: Reached on error, E3 (Groundball, 23, EV 43.8 MPH)
Warren Eisner to second
Pinch Hitting: RHB Israel Gaona 0-0: Bunt missed!
0-1: Sac Bunt to P - play at first, batter safe!
Warren Eisner to third
Troy Maynard to second
Batting: RHB Juan Espinoza 0-0: Ball
1-0: Grounds into double play, 4-2-3 (Groundball, 4, EV 81.9 MPH)
Troy Maynard to third
Israel Gaona to second
Batting: RHB Tai Joo 0-0: Called Strike
0-1: Foul Ball, location: 2F
0-2: Strikes out swinging
Bottom of the 9th over - 0 runs, 2 hits, 1 error, 2 left on base; Iowa 5 - Reno 4
Thursday, March 31st , 2022 - OOTP Baseball 22.12 Build 89